[ AOE2 MATCH · #505262161 ]
UnrankedMalians vs Wu
Player's team · WIN
Rival team · LOSS
[ REPLAY ANALYSIS · EXTRACTED FROM THE RECORDED GAME ]
Feudal
10:32
Castle
—
Imperial
—
| APM avg | 76.8 |
| APM peak | 99 |
| eAPM avg | 25.5 |
| Villagers / military | 42 / 26 |
Focus
⚔️ 42.3% · 🌾 57.7%
Archer ×17 · Militia ×9
Feudal
9:03
Castle
—
Imperial
—
| APM avg | 78.8 |
| APM peak | 127 |
| eAPM avg | 40.5 |
| Villagers / military | 46 / 14 |
Focus
⚔️ 57.7% · 🌾 42.3%
Militia ×11 · Skirmisher ×3
Match map
Initial resources + every placement click. Lines = walls · curves = elevation contours. ◆ gold · ⬟ stone · ● berries · ✦ relic · ◌ wall gap
Your base· Open — unwalled flank
Oni.Nacho's base· Open — unwalled flank
Smoothed initial terrain · ◌ = detected wall gap · hover for details
Inputs per minute
— Macluffy - - Oni.Nacho
Build order — Macluffy
118 actions detected in the replay
| 0:01 | Create | Villager (Male) |
| 0:02 | Build | House |
| 0:03 | Build | House |
| 0:07 | Create | Villager (Male) |
| 0:08 | Create | Villager (Male) |
| 0:11 | Create | Villager (Male) |
| 1:23 | Create | Villager (Male) |
| 2:00 | Create | Villager (Male) |
| 2:02 | Build | Lumber Camp |
| 2:19 | Create | Villager (Male) |
| 2:51 | Create | Villager (Male) |
| 3:15 | Create | Villager (Male) |
| 3:15 | Create | Villager (Male) |
| 3:29 | Create | Villager (Male) |
| 3:51 | Build | House |
| 3:57 | Create | Villager (Male) |
| 4:20 | Build | Barracks |
| 4:29 | Create | Villager (Male) |
| 4:29 | Create | Villager (Male) |
| 4:29 | Create | Villager (Male) |
| 4:56 | Build | House |
| 5:14 | Create | Militia |
| 5:14 | Create | Militia |
| 5:15 | Create | Militia |
| 5:25 | Create | Villager (Male) |
| 5:47 | Build | Palisade Wall |
| 5:52 | Create | Villager (Male) |
| 6:09 | Build | House |
| 6:12 | Create | Villager (Male) |
| 6:34 | Create | Villager (Male) |
| 6:47 | Build | Palisade Wall |
| 6:52 | Create | Villager (Male) |
| 7:05 | Create | Villager (Male) |
| 7:07 | Build | Mill |
| 7:53 | Research | Loom |
| 8:21 | Research | Feudal Age |
| 8:30 | Build | House |
| 8:40 | Build | Mining Camp |
| 9:18 | Build | Palisade Wall |
| 9:22 | Create | Militia |
| 9:28 | Build | Palisade Wall |
| 9:37 | Build | Palisade Wall |
| 9:37 | Build | Palisade Wall |
| 9:43 | Create | Militia |
| 10:02 | Create | Villager (Male) |
| 10:22 | Create | Villager (Male) |
| 10:32 | Build | Palisade Wall |
| 10:32 | Age | Feudal Age |
| 10:33 | Build | House |
| 10:37 | Research | Man-at-Arms (upgrade) |
| 10:44 | Build | Palisade Gate |
| 10:51 | Build | Archery Range |
| 10:56 | Create | Villager (Male) |
| 11:01 | Create | Villager (Male) |
| 11:34 | Research | Arson |
| 11:38 | Build | House |
| 11:54 | Create | Archer |
| 11:55 | Create | Villager (Male) |
| 12:11 | Create | Archer |
| 12:15 | Create | Villager (Male) |
| 12:18 | Create | Archer |
| 12:22 | Build | Farm |
| 12:23 | Build | Farm |
| 12:30 | Build | Farm |
| 12:31 | Build | Farm |
| 12:40 | Create | Archer |
| 12:40 | Create | Villager (Male) |
| 12:51 | Build | Farm |
| 12:52 | Build | Farm |
| 13:08 | Build | Farm |
| 13:10 | Build | Farm |
| 13:11 | Create | Villager (Male) |
| 13:12 | Build | Farm |
| 13:13 | Build | Farm |
| 13:34 | Create | Villager (Male) |
| 13:53 | Create | Archer |
| 13:58 | Build | Blacksmith |
| 14:02 | Create | Archer |
| 14:09 | Create | Villager (Male) |
| 14:14 | Create | Archer |
| 14:15 | Create | Villager (Male) |
| 14:28 | Create | Archer |
| 14:29 | Create | Villager (Male) |
| 14:31 | Create | Archer |
| 14:35 | Research | Fletching |
| 14:45 | Create | Archer |
| 14:46 | Create | Villager (Male) |
| 14:47 | Create | Militia |
| 14:48 | Build | Farm |
| 14:50 | Build | Farm |
| 15:05 | Research | Forging |
| 15:15 | Create | Archer |
| 15:15 | Create | Villager (Male) |
| 15:17 | Build | Farm |
| 15:31 | Build | House |
| 15:35 | Build | House |
| 15:35 | Build | House |
| 15:44 | Create | Archer |
| 15:46 | Create | Villager (Male) |
| 15:54 | Create | Villager (Male) |
| 15:56 | Build | Farm |
| 15:57 | Create | Villager (Male) |
| 16:23 | Create | Archer |
| 16:23 | Create | Villager (Male) |
| 16:24 | Build | Farm |
| 16:53 | Create | Militia |
| 16:53 | Create | Militia |
| 16:54 | Create | Archer |
| 17:08 | Create | Villager (Male) |
| 17:19 | Create | Villager (Male) |
| 17:25 | Create | Archer |
| 17:26 | Create | Militia |
| 17:29 | Build | Market |
| 17:43 | Research | Scale Mail Armor |
| 17:47 | Build | Lumber Camp |
| 17:51 | Create | Archer |
| 17:51 | Create | Villager (Male) |
| 18:02 | Create | Archer |
Build order — Oni.Nacho
112 actions detected in the replay
| 0:01 | Create | Villager (Male) ×4 |
| 0:01 | Build | House |
| 0:02 | Build | House |
| 1:24 | Create | Villager (Male) |
| 1:24 | Create | Villager (Male) |
| 1:58 | Create | Villager (Male) |
| 1:58 | Create | Villager (Male) |
| 2:04 | Build | Lumber Camp |
| 2:10 | Create | Villager (Male) |
| 2:10 | Create | Villager (Male) |
| 2:30 | Create | Villager (Male) |
| 3:11 | Create | Villager (Male) |
| 3:41 | Create | Villager (Male) |
| 3:41 | Create | Villager (Male) |
| 3:55 | Build | House |
| 4:11 | Create | Villager (Male) |
| 4:13 | Create | Villager (Male) |
| 4:13 | Create | Villager (Male) |
| 4:32 | Build | Palisade Wall |
| 4:38 | Build | Palisade Wall |
| 4:58 | Build | Barracks |
| 5:02 | Create | Villager (Male) |
| 5:02 | Create | Villager (Male) |
| 5:03 | Create | Villager (Male) |
| 5:10 | Create | Villager (Male) |
| 6:06 | Research | Loom |
| 6:53 | Research | Feudal Age |
| 6:53 | Research | Feudal Age |
| 7:09 | Build | Mill |
| 7:24 | Create | Militia |
| 7:25 | Create | Militia |
| 7:30 | Build | Palisade Wall |
| 7:31 | Build | Palisade Wall |
| 7:32 | Build | Palisade Wall |
| 7:34 | Build | Palisade Wall |
| 7:43 | Create | Militia |
| 7:51 | Build | House |
| 8:24 | Create | Villager (Male) |
| 8:31 | Create | Villager (Male) |
| 8:34 | Create | Villager (Male) |
| 8:51 | Build | Mining Camp |
| 8:52 | Create | Villager (Male) |
| 9:03 | Build | House |
| 9:03 | Age | Feudal Age |
| 9:06 | Research | Double-Bit Axe |
| 9:07 | Create | Villager (Male) |
| 9:07 | Create | Villager (Male) |
| 9:29 | Build | House |
| 9:48 | Build | Palisade Wall |
| 9:58 | Create | Villager (Male) |
| 10:09 | Build | House |
| 10:10 | Build | Palisade Wall |
| 10:53 | Create | Villager (Male) |
| 10:54 | Create | Villager (Male) |
| 10:56 | Build | Farm |
| 11:12 | Create | Villager (Male) |
| 11:17 | Build | Farm |
| 11:20 | Build | Farm |
| 11:21 | Build | Farm |
| 11:31 | Create | Villager (Male) |
| 11:34 | Create | Militia |
| 11:35 | Create | Militia |
| 11:53 | Research | Gold Mining |
| 11:53 | Research | Gold Mining |
| 11:54 | Create | Villager (Male) |
| 11:54 | Create | Villager (Male) |
| 11:56 | Build | Farm |
| 12:10 | Create | Militia |
| 12:12 | Build | House |
| 12:13 | Build | Stone Wall |
| 12:30 | Build | Farm |
| 12:31 | Create | Villager (Male) |
| 12:47 | Create | Villager (Male) |
| 12:55 | Build | House |
| 13:06 | Build | Farm |
| 13:16 | Build | Farm |
| 13:24 | Research | Man-at-Arms (upgrade) |
| 13:24 | Research | Man-at-Arms (upgrade) |
| 13:30 | Build | Farm |
| 13:51 | Create | Villager (Male) |
| 13:51 | Create | Villager (Male) |
| 13:51 | Create | Villager (Male) |
| 14:10 | Build | House |
| 14:13 | Create | Militia |
| 14:32 | Build | Archery Range |
| 14:34 | Create | Militia |
| 14:41 | Create | Villager (Male) |
| 14:42 | Create | Villager (Male) |
| 14:54 | Create | Militia |
| 15:00 | Create | Villager (Male) |
| 15:05 | Build | Blacksmith |
| 15:31 | Create | Skirmisher |
| 15:37 | Build | Palisade Wall |
| 15:50 | Create | Skirmisher |
| 15:55 | Create | Militia |
| 15:58 | Create | Villager (Male) |
| 15:58 | Create | Villager (Male) |
| 15:59 | Research | Fletching |
| 16:13 | Build | House |
| 16:15 | Build | Palisade Wall |
| 16:17 | Create | Militia |
| 16:27 | Build | House |
| 16:37 | Build | House |
| 16:44 | Build | House |
| 16:49 | Research | Scale Mail Armor |
| 16:50 | Research | Scale Mail Armor |
| 17:31 | Build | Farm |
| 17:37 | Build | Farm |
| 17:46 | Create | Skirmisher |
| 17:48 | Build | House |
| 17:49 | Create | Villager (Male) |
| 17:49 | Create | Villager (Male) |
Match timeline
| 4:20 | Macluffy · first_building Barracks |
| 4:32 | Oni.Nacho · wall_segment Palisade Wall x1 |
| 4:38 | Oni.Nacho · wall_segment Palisade Wall x1 |
| 4:58 | Oni.Nacho · first_building Barracks |
| 5:47 | Macluffy · wall_segment Palisade Wall x2 |
| 6:47 | Macluffy · wall_segment Palisade Wall x8 |
| 7:30 | Oni.Nacho · wall_segment Palisade Wall x1 |
| 7:31 | Oni.Nacho · wall_segment Palisade Wall x1 |
| 7:32 | Oni.Nacho · wall_segment Palisade Wall x1 |
| 7:34 | Oni.Nacho · wall_segment Palisade Wall x1 |
| 9:03 | Oni.Nacho · age_up feudal |
| 9:18 | Macluffy · wall_segment Palisade Wall x8 |
| 9:28 | Macluffy · wall_segment Palisade Wall x9 |
| 9:37 | Macluffy · wall_segment Palisade Wall x1 |
| 9:37 | Macluffy · wall_segment Palisade Wall x1 |
| 9:48 | Oni.Nacho · wall_segment Palisade Wall x13 |
| 10:10 | Oni.Nacho · wall_segment Palisade Wall x9 |
| 10:32 | Macluffy · wall_segment Palisade Wall x1 |
| 10:32 | Macluffy · age_up feudal |
| 10:51 | Macluffy · first_building Archery Range |
| 12:13 | Oni.Nacho · wall_segment Stone Wall x6 |
| 14:32 | Oni.Nacho · first_building Archery Range |
| 15:37 | Oni.Nacho · wall_segment Palisade Wall x3 |
| 16:15 | Oni.Nacho · wall_segment Palisade Wall x5 |
| 18:04 | Oni.Nacho · resign |
[ AI ANALYSIS · 1 CREDIT ]
What really happened in this match?
Wolo.gg analyzes every decision: build order, eco, micro, common mistakes by bracket. Personalized analysis on WhatsApp or Discord in 30 seconds.
Civ guide
Malians
Perfil
Jugador #453821